 Dungeon Crawl Stone Soup version 0.28.0 (webtiles) character file.

Game seed: 13566701927088061891

3350 funkygono the Arsonist (level 10, -7/51 HPs)
             Began as a Gargoyle Fire Elementalist on Feb 16, 2022.
             Was a Believer of Vehumet.
             Mangled by Harold (24 damage)
             ... on level 7 of the Dungeon.
             The game lasted 00:13:03 (8826 turns).

funkygono the Arsonist (Gargoyle Fire Elementalist) Turns: 8826, Time: 00:13:03

Health: -7/51      AC: 10    Str: 12    XL:     10   Next: 3%
Magic:  16/22      EV: 12    Int: 20    God:    Vehumet [**....]
Gold:   363        SH:  0    Dex: 10    Spells: 5/25 levels left

rFire   . . .      SeeInvis .   h - +3 flail (freeze)
rCold   . . .      Faith    .   (no shield)
rNeg    + . .      Spirit   .   a - +0 robe
rPois   ∞          Reflect  .   (no helmet)
rElec   +          Harm     .   (no cloak)
rCorr   .          Rampage  .   (no gloves)
Will    .....                   y - +0 pair of boots
Stlth   ++........              e - amulet of the acrobat
HPRegen 0.17/turn               (no ring)
MPRegen 0.18/turn               (no ring)

@: no status effects
A: sickness immunity, AC +7, negative energy resistance 1, electricity
resistance, torment resistance 1, petrification resistance
a: Renounce Religion


You were on level 7 of the Dungeon.
You worshipped Vehumet.
Vehumet was pleased with you.
You visited 1 branch of the dungeon, and saw 7 of its levels.

You collected 413 gold pieces.
You spent 50 gold pieces at shops.

Inventory:

Hand Weapons
 h - a +3 flail of freezing (weapon)
 j - a +0 whip
 w - a +0 flail
Missiles
 d - 160 stones
 v - a throwing net
Armour
 a - a +0 robe (worn)
 p - a +0 leather armour
 y - a +0 pair of boots (worn)
Jewellery
 e - an amulet of the acrobat (around neck)
 i - a ring of ice
Wands
 o - a wand of flame (18)
Scrolls
 g - 2 scrolls of amnesia
 k - a scroll of teleportation
 l - a scroll of magic mapping {unknown}
Potions
 b - 3 potions of brilliance
 c - 7 potions of heal wounds
 f - 2 potions of ambrosia
 m - 3 potions of lignification
 n - a potion of might {unknown}
 q - a potion of haste {unknown}
 r - 4 potions of flight
 t - a potion of mutation {unknown}
 z - a potion of cancellation {unknown}


   Skills:
 + Level 0.4 Fighting
 + Level 0.3 Maces & Flails
 + Level 2.0 Dodging
 - Level 2.1 Stealth
 * Level 8.0 Spellcasting
 * Level 6.8 Conjurations
 * Level 9.2 Fire Magic
 * Level 1.2 Air Magic


You had 5 spell levels left.
You knew the following spells:

 Your Spells              Type           Power      Damage    Failure   Level
a - Foxfire               Conj/Fire      100%       2x1d9     1%          1
b - Scorch                Fire           88%        2d9       1%          2
c - Conjure Flame         Conj/Fire      40%        6-21      1%          3
d - Inner Flame           Hex/Fire       26%        N/A       3%          3
e - Flame Wave            Conj/Fire      40%        2d9       3%          4
f - Magic Dart            Conj           100%       1d8       1%          1
g - Lightning Bolt        Conj/Air       12%        1d25      41%         5
h - Shock                 Conj/Air       96%        1d9       1%          1

Your spell library contained the following spells:

 Spells                   Type           Power      Damage    Failure   Level
 Static Discharge         Conj/Air       24%        N/A       2%          2
 Dazzling Flash           Conj/Hex       42%        N/A       6%          3
 Animate Skeleton         Necr           16%        N/A       9%          1
 Apportation              Tloc           16%        N/A       9%          1
 Summon Small Mammal      Summ           32%        N/A       9%          1
 Iskenderun's Mystic Bla  Conj/Tloc      21%        2d6       21%         4
 Tukima's Dance           Hex            8%         N/A       26%         3
 Passage of Golubria      Tloc           8%         N/A       63%         4
 Yara's Violent Unravell  Hex/Tmut       4%         3d4       93%         5
 Starburst                Conj/Fire      20%        6d7       43%         6
 Maxwell's Capacitive Co  Air            6%         ∞         100%        8


Dungeon Overview and Level Annotations

Branches:
Dungeon (7/15)
 Temple: D:4-7

Altars:
Ashenzari
Dithmenos
Fedhas
Hepliaklqana
Okawaru
Qazlal
Ru
Sif Muna
Trog
Vehumet
Yredelemnul

Shops:
D:2 *

Annotations:
D:4 exclusion: statue
D:7 1 runed translucent door, Crazy Yiuf, Harold


Innate Abilities, Weirdness & Mutations

You are immune to sickness and miasma.
Your stone body is resilient. (AC +7)
You are immune to poison.
You resist negative energy. (rN+)
You are resistant to electric shocks. (rElec)
You are resistant to unholy torment.
You are immune to petrification.


Message History

Flames lash the iguana.
You kill the iguana!
Vehumet accepts your kill.
You feel your power returning.
Unknown command.
Your foxfire dissipates!
You see here an iguana corpse.
Casting: Scorch (safe; 1% risk of failure)
Confirm with . or Enter, or press ? or * to list all spells.
You conjure some foxfire!
Casting: Foxfire (safe; 1% risk of failure)
Confirm with . or Enter, or press ? or * to list all spells.
There is not enough space to conjure foxfire!
The foxfire hits Harold.
Harold completely resists.
The foxfire hits Harold.
Harold resists.
Harold is lightly wounded.
Casting: Foxfire (safe; 1% risk of failure)
Confirm with . or Enter, or press ? or * to list all spells.
You conjure some foxfire!
Casting: Foxfire (safe; 1% risk of failure)
Confirm with . or Enter, or press ? or * to list all spells.
Flames lash Harold.
Harold resists.
Harold is lightly wounded.
Harold's fire resistance burns away.
The foxfire hits Harold but does no damage.
Harold is lightly wounded.
The foxfire hits Harold.
Harold is lightly wounded.
Harold fires a harpoon shot at you. The harpoon shot hits you!!
You are yanked forward by the harpoon shot.
Casting: Scorch (safe; 1% risk of failure)
Confirm with . or Enter, or press ? or * to list all spells.
You conjure some foxfire!
Harold hits you with a +0 glaive!
Casting: Foxfire (safe; 1% risk of failure)
Confirm with . or Enter, or press ? or * to list all spells.
Flames lash Harold.
Harold is moderately wounded.
Harold hits you with a +0 glaive!!
You die...

#.# #.# #†#########
#.# #.# #.#
#.#################.#
#.#
#...................#
#.#
#####################
#.#
.................#
#.#
################.#
#.# #@# #.#
#@######.# #vv......#
########.# ###


You could see Harold (combustible, ally target).

Vanquished Creatures
  A two-headed ogre (D:7)
  Grinder (D:6)
  A wyvern (D:7)
  An ice beast (D:7)
  3 black bears
  A necrophage (D:4)
  A sky beast (D:6)
  2 ogres (D:5)
  4 bullfrogs
  A gnoll sergeant (D:6)
  2 wyvern zombies
  A scorpion (D:6)
  A water moccasin skeleton (D:4)
  9 wights
  A centaur zombie (D:6)
  3 hounds
  2 jellies
  A centaur skeleton (D:6)
  3 orc priests (D:6)
  6 iguanas
  3 orc wizards
  8 adders
  10 gnolls
  A howler monkey skeleton (D:5)
  A shadow imp (D:6)
  A white imp (D:7)
  An adder skeleton (D:4)
  3 worms
  2 dart slugs
  9 orcs
  3 ball pythons
  6 bats
  14 endoplasms
  5 giant cockroaches
  9 goblins
  5 hobgoblins
  4 jackals (D:1)
  3 quokkas
  6 frilled lizards
  8 kobolds
  4 rats
151 creatures vanquished.

Vanquished Creatures (collateral kills)
  2 foxfires
2 creatures vanquished.

Vanquished Creatures (others)
  608 foxfires
  2 fungi (D:1)
  18 plants
628 creatures vanquished.

Grand Total: 781 creatures vanquished

Notes
Turn   | Place    | Note
-------+----------+-------------------------------------------
     0 | D:1      | funkygono the Gargoyle Fire Elementalist began the quest
                  | for the Orb.
     0 | D:1      | Reached XP level 1. HP: 10/10 MP: 3/3
   265 | D:1      | Reached XP level 2. HP: 15/15 MP: 1/5
   268 | D:1      | Learned a level 2 spell: Scorch
   362 | D:1      | Found a faded altar of an unknown god.
   938 | D:1      | Reached XP level 3. HP: 19/19 MP: 4/6
   942 | D:1      | Learned a level 3 spell: Conjure Flame
  1551 | D:2      | Found a bloodstained altar of Trog.
  1593 | D:2      | Reached XP level 4. HP: 19/24 MP: 0/8
  1889 | D:2      | Reached skill level 4 in Fire Magic
  2142 | D:2      | Found Jetualom's General Store.
  2149 | D:2      | Bought a potion of heal wounds for 50 gold pieces
  2636 | D:3      | Reached XP level 5. HP: 28/28 MP: 2/9
  2740 | D:3      | Found a broken altar of Ashenzari.
  2940 | D:3      | Found a stormy altar of Qazlal.
  2972 | D:3      | Found an iron altar of Okawaru.
  3421 | D:4      | You fall into a shaft and drop 1 floor!
  3421 | D:5      | Entered Level 5 of the Dungeon
  3450 | D:5      | Noticed an ogre
  3459 | D:5      | Killed an ogre
  3460 | D:5      | Reached XP level 6. HP: 16/32 MP: 1/11
  4210 | D:4      | Found a radiant altar of Vehumet.
  4216 | D:4      | Became a worshipper of Vehumet
  4407 | D:4      | Reached skill level 5 in Fire Magic
  4802 | D:4      | Noticed a necrophage
  4811 | D:4      | Killed a necrophage
  4812 | D:4      | Reached XP level 7. HP: 34/36 MP: 2/14
  4948 | D:4      | Reached skill level 5 in Spellcasting
  5046 | D:4      | Found a shimmering blue altar of Sif Muna.
  5463 | D:5      | Found a basalt altar of Yredelemnul.
  5476 | D:5      | Found a sacrificial altar of Ru.
  5520 | D:5      | Reached skill level 6 in Fire Magic
  5592 | D:5      | Reached XP level 8. HP: 41/41 MP: 8/16
  5791 | D:5      | Found a hazy altar of Hepliaklqana.
  5921 | D:5      | Found a blossoming altar of Fedhas.
  5943 | D:5      | Learned a level 3 spell: Inner Flame
  5948 | D:5      | Learned a level 4 spell: Flame Wave
  6220 | D:5      | Identified a scroll of acquirement
  6220 | D:5      | Acquired a book of Spectacle
  6292 | D:6      | Noticed Grinder
  6301 | D:6      | Killed Grinder
  6532 | D:6      | Reached skill level 7 in Fire Magic
  6540 | D:6      | Reached * piety under Vehumet
  6540 | D:6      | Offered knowledge of Magic Dart by Vehumet.
  6655 | D:6      | Reached skill level 5 in Conjurations
  6713 | D:6      | Found a shadowy altar of Dithmenos.
  6950 | D:6      | Reached XP level 9. HP: 45/45 MP: 8/19
  7020 | D:6      | Learned a level 1 spell: Magic Dart
  7572 | D:6      | Learned a level 5 spell: Lightning Bolt
  7629 | D:7      | Reached skill level 8 in Fire Magic
  7629 | D:7      | Offered knowledge of Shock by Vehumet.
  7750 | D:7      | Reached ** piety under Vehumet
  7871 | D:7      | Noticed Harold
  7974 | D:7      | Learned a level 1 spell: Shock
  8230 | D:7      | Found a runed translucent door.
  8231 | D:7      | Noticed Crazy Yiuf
  8398 | D:7      | Noticed a two-headed ogre
  8406 | D:7      | Killed a two-headed ogre
  8407 | D:7      | Reached skill level 9 in Fire Magic
  8407 | D:7      | Reached skill level 1 in Air Magic
  8407 | D:7      | Reached XP level 10. HP: 4/51 MP: 13/22
  8826 | D:7      | Mangled by Harold

Illustrated notes

Levels and vault maps discovered:
D:1:      dpeg_arrival_boxes_within_box, layout_basic,
          shapermc_ecumenical_altar_mp_ritualfount
D:2:      layout_rooms, basic_altar, serial_shops, nicolae_square_shop,
          amethyst_killhole, serial_bayou_lagoon_b
D:3:      layout_loops_ring, ashenzari_altar_1, mainiacjoe_overflow_two_lobes
D:4:      layout_basic, vehumet_statue, overflow_temple_1_default,
          kennysheep_boxes
D:5:      layout_rooms, mainiacjoe_overflow_small_starburst,
          fedhas_altar_fruit_tree, minitemple, grunt_ministairs_10
D:6:      layout_cave_pools, nicolae_overflow_crystal_walls, uniq_grinder
D:7:      layout_basic, lemuel_temple_firewalk_a, skrybe_limestone_x,
          uniq_crazy_yiuf_cottage, uniq_harold

Skill      XL: |  1  2  3  4  5  6  7  8  9 |
---------------+----------------------------+-----
Fire Magic     | 4 5 6 7 9 |  9.2
Conjurations   | 2 3 4 5 6 |  6.8
Spellcasting   | 3 4 5 6 8 |  8.0
Dodging        | 2 |  2.0
Air Magic      | 1 |  1.2
Fighting       | |  0.4
Maces & Flails | |  0.3
Stealth        | |  2.1

Action                   |  1- 3 |  4- 6 |  7- 9 | 10-12 || total
-------------------------+-------+-------+-------+-------++-------
Melee: Whip              |       |       |     1 |       ||     1
       Flail             |       |       |     1 |       ||     1
 Cast: Foxfire           |    60 |   114 |   174 |     9 ||   357
       Scorch            |     4 |    19 |    25 |     5 ||    53
       Flame Wave        |       |       |     1 |       ||     1
  Use: Scroll            |       |       |    15 |       ||    15
Armor: Robe              |     5 |     9 |    11 |       ||    25
Dodge: Dodged            |    15 |    38 |    18 |       ||    71
